AoeStats
← Mahore

Black Forest

509689360Analyzed
4v4 RM · 5d ago on Sep 27, 2026· 36m 9s· 8 players
Game mode
Random Map
Map size
Large (8 player)
Population
200
Speed
Normal
Resources
Standard
Victory
Conquest
Starting age
Dark Age
Ending age
Imperial Age
RankedLock teamsTeams togetherTeam positionsShared explorationLock speedFull tech treeHidden civsTurbo modeCheats
Victory
Defeat
🇫🇷 Danes · France
1293
+14
🇹🇷 Varangians · Türkiye
1257
+16
🇮🇱 Mongols · Israel
1249
+16
🇹🇷 Burgundians · Türkiye
1199
+18
🇨🇴 Dravidians · Colombia
1294
-18
🇨🇴 Goths · Colombia
1280
-17
🇺🇸 Japanese · United States
1221
-15
🇨🇱 Varangians · Chile
1192
-14
Sc100Pitie
10:45 Feudal Age
14:50 Castle Age
13:09 Double-Bit Axe
15:42 Bow Saw
15:28 Horse Collar
16:12 Heavy Plow
30:07 Imperial Age
28:17 Wheelbarrow
29:43 Gold Mining
30:12 Capped Ram
31:03 Scale Mail Armor
31:42 Siege Ram
33:12 Gold Shaft Mining
32:28 Stone Mining
33:13 Chain Mail Armor
32:43 Northmen's Fury
37:12 Plate Mail Armor
36:53 Forging
Mike
0:46 Loom
11:12 Feudal Age
17:01 Castle Age
15:40 Double-Bit Axe
18:38 Bow Saw
19:07 Wheelbarrow
30:39 Hand Cart
31:50 Horse Collar
32:03 Gold Mining
32:03 Stone Mining
35:44 Imperial Age
34:27 Ballistics
36:19 Heavy Plow
36:57 Gold Shaft Mining
35:47 Capped Ram
36:04 Onager
Gen ALPHA RIZZLER 67
5:41 Loom
12:30 Feudal Age
12:52 Horse Collar
12:58 Double-Bit Axe
19:05 Castle Age
25:42 Heavy Plow
27:01 Gold Mining
28:28 Bow Saw
28:12 Stone Mining
28:26 Caravan
31:32 Wheelbarrow
31:41 Arson
32:06 Scale Mail Armor
32:16 Forging
34:39 Imperial Age
34:49 Imperial Age
34:24 Squires
34:54 Chain Mail Armor
36:20 Plate Mail Armor
36:25 Iron Casting
36:59 Stone Shaft Mining
yalavuu
0:39 Loom
6:10 Double-Bit Axe
9:33 Horse Collar
13:35 Feudal Age
14:49 Bow Saw
17:29 Castle Age
15:24 Gold Mining
17:54 Gold Shaft Mining
17:22 Heavy Plow
22:40 Imperial Age
22:12 Wheelbarrow
24:35 Chemistry
SebastianxAndrew
6:51 Loom
12:44 Feudal Age
13:11 Double-Bit Axe
20:56 Castle Age
21:34 Fletching
22:43 Wheelbarrow
21:53 Town Watch
22:12 Horse Collar
22:45 Bow Saw
32:23 Bodkin Arrow
32:29 Padded Archer Armor
33:22 Bloodlines
33:13 Husbandry
33:31 Hand Cart
34:17 Ballistics
33:52 Gold Mining
33:53 Stone Mining
37:58 Imperial Age
35:06 Light Cavalry
36:38 Leather Archer Armor
Mahore
1:48 Loom
12:00 Feudal Age
13:35 Fletching
13:59 Double-Bit Axe
23:18 Castle Age
23:18 Horse Collar
25:18 Bow Saw
26:47 Stone Mining
27:33 Heavy Plow
31:46 Wheelbarrow
30:57 Town Watch
34:50 Hand Cart
DA FRANKS24
0:29 Loom
12:24 Feudal Age
13:38 Town Watch
16:38 Castle Age
14:27 Horse Collar
14:33 Double-Bit Axe
14:39 Gold Mining
16:32 Wheelbarrow
15:51 Stone Mining
18:06 Heavy Plow
18:51 Town Patrol
24:36 Scale Mail Armor
24:46 Forging
25:40 Stone Shaft Mining
25:34 Bow Saw
26:01 Fervor
26:19 Hand Cart
26:28 Chain Mail Armor
26:37 Squires
25:58 Man-at-Arms
27:43 Iron Casting
27:22 Long Swordsman
27:22 Pikeman
33:46 Imperial Age
31:08 Elite Skirmisher
32:17 Scale Barding Armor
33:29 Chain Barding Armor
33:00 Fletching
33:11 Padded Archer Armor
33:26 Bloodlines
33:16 Husbandry
33:07 Light Cavalry
33:50 Cavalier
34:44 Husbandry
35:45 Blast Furnace
Zen_Vampire
0:53 Loom
12:17 Feudal Age
16:49 Castle Age
15:35 Double-Bit Axe
18:20 Wheelbarrow
20:39 Horse Collar
22:19 Gold Mining
26:16 Bow Saw
27:30 Redemption
33:50 Imperial Age
36:29 Imperial Age
35:30 Scale Mail Armor
35:41 Forging
38:12 Imperial Age
Connection lost

Rejoining the realm…

Still unreachable

The connection could not be restored.

Session expired

The server has moved on; the page needs a fresh start.